Toronto Maple Leafs vs Vancouver Canucks
Created - Saturday, October 5, 2024 at 07:01
Goals
|
| Toronto Maple Leafs |
1 |
1 |
1 |
3 |
| Vancouver Canucks |
0 |
1 |
1 |
2 |
|
Shots
|
| Toronto Maple Leafs |
11 |
9 |
12 |
32 |
| Vancouver Canucks |
8 |
15 |
18 |
41 |
|
1st period
1. Toronto Maple Leafs , Brady Tkachuk 12 (Wyatt Johnston 26, Mario Ferraro 5) at 5:36
Penalties :
Sean Walker (TOR) for Hooking (Minor) at 3:08, Aaron Ekblad (TOR) for Hooking (Minor) at 9:47
2nd period
2. Vancouver Canucks , Justin Schultz 2 (Artturi Lehkonen 16, Connor Zary 1) at 13:24
3. Toronto Maple Leafs , Quinton Byfield 17 (Wyatt Johnston 27, Mario Ferraro 6) at 15:17
Penalties :
Jacob Bernard-Docker (VAN) for Tripping (Minor) at 1:02, Brady Tkachuk (TOR) for Hooking (Minor) at 3:50
3rd period
4. Vancouver Canucks , Casey Mittelstadt 15 (Artturi Lehkonen 17, Miro Heiskanen 19) at 5:51 (PP)
5. Toronto Maple Leafs , Brady Tkachuk 13 (Tomas Hertl 19) at 9:59
Penalties :
Aaron Ekblad (TOR) for High sticking (Minor) at 2:45, Wyatt Johnston (TOR) for Hooking (Minor) at 5:31, Mikko Rantanen (VAN) for High sticking (Double Minor) at 19:03
Goalie Stats
Cam Talbot (TOR), 39 saves from 41 shots - (0.951), W, 16-5-2, 60:00 minutes
Justus Annunen (VAN), 29 saves from 32 shots - (0.906), L, 12-8-4, 60:00 minutes
Players Stats for Toronto Maple Leafs
Player Name G A P +/- PIM S H SB GA TA FO MP PP MP PK MP
------------------------------------------------------------------------------------
Aaron Ekblad 0 0 0 0 4 1 1 1 0 1 0/0 20:21 1:36 2:19
Andrew Mangiapane 0 0 0 0 0 2 2 1 0 0 0/0 16:06 0:00 3:59
Brady Tkachuk 2 0 2 1 2 6 0 0 1 1 0/0 15:33 1:27 0:11
Brandon Saad 0 0 0 0 0 1 0 0 1 0 0/0 9:45 1:28 0:06
Cody Ceci 0 0 0 2 0 0 1 0 0 1 0/0 20:34 0:19 4:06
Dougie Hamilton 0 0 0 0 0 0 3 1 0 0 0/0 18:50 1:36 0:25
Mario Ferraro 0 2 2 3 0 2 0 0 1 0 0/0 20:35 0:00 4:10
Nick Bjugstad 0 0 0 0 0 2 0 0 0 0 7/11 16:27 0:00 4:03
Nicolas Roy 0 0 0 1 0 2 0 2 2 0 0/1 17:43 0:00 4:00
Nino Niederreiter 0 0 0 0 0 1 1 0 0 0 0/0 12:07 0:00 0:00
Quinton Byfield 1 0 1 1 0 2 1 1 1 0 2/2 15:52 1:28 0:00
Ryan Pulock 0 0 0 -1 0 1 2 4 0 1 0/0 21:00 1:19 4:06
Sam Bennett 0 0 0 0 0 0 0 0 2 0 0/0 8:05 0:00 0:00
Scott Laughton 0 0 0 0 0 0 2 1 1 0 4/7 12:07 0:00 3:42
Sean Walker 0 0 0 0 2 3 2 1 0 0 0/0 18:44 1:00 1:26
Tomas Hertl 0 1 1 1 0 5 1 0 1 0 9/21 15:25 1:27 0:00
Troy Terry 0 0 0 1 0 2 1 2 2 1 0/1 15:53 1:27 0:00
Wyatt Johnston 0 2 2 1 2 2 0 1 1 0 12/20 16:32 1:28 0:31
Players Stats for Vancouver Canucks
Player Name G A P +/- PIM S H SB GA TA FO MP PP MP PK MP
------------------------------------------------------------------------------------
Adam Boqvist 0 0 0 -1 0 1 1 0 0 2 0/0 17:31 4:20 0:34
Artturi Lehkonen 0 2 2 -1 0 3 1 1 1 1 0/1 19:04 4:05 1:28
Casey Mittelstadt 1 0 1 -1 0 5 1 0 2 1 4/4 18:23 4:15 0:30
Clayton Keller 0 0 0 -1 0 1 2 1 0 1 2/3 16:41 4:01 1:28
Connor Zary 0 1 1 -1 0 1 0 1 0 0 8/22 17:38 4:01 0:00
Emil Martinsen Lilleberg 0 0 0 0 0 0 2 2 0 1 0/0 16:38 0:00 1:30
Jacob Bernard-Docker 0 0 0 -1 2 0 0 1 0 0 0/0 13:30 0:00 0:31
Jesperi Kotkaniemi 0 0 0 -1 0 0 2 2 0 0 2/5 11:11 0:00 0:00
Jesse Ylonen 0 0 0 0 0 2 2 2 0 1 0/1 10:11 0:00 0:00
Justin Schultz 1 0 1 1 0 2 2 2 0 0 0/0 19:16 4:20 0:00
Kasperi Kapanen 0 0 0 0 0 5 1 1 1 1 0/0 10:11 0:00 0:00
Matias Maccelli 0 0 0 -1 0 2 1 0 0 1 0/0 11:11 0:00 0:00
Mikko Rantanen 0 0 0 0 4 6 3 0 0 0 8/13 18:57 4:01 0:57
Miro Heiskanen 0 1 1 -2 0 3 1 2 1 0 0/0 27:11 3:56 1:47
Nathan Smith 0 0 0 0 0 1 0 0 0 1 4/7 10:11 0:00 0:00
Noah Hanifin 0 0 0 -1 0 4 3 2 0 3 0/0 25:53 3:56 1:28
Robby Fabbri 0 0 0 0 0 4 1 0 0 0 1/4 13:57 0:10 0:03
Taylor Raddysh 0 0 0 0 0 1 2 0 0 0 0/3 19:29 4:15 1:24
3 Stars
1 - Cam Talbot (TOR)
2 - Brady Tkachuk (TOR)
3 - Mario Ferraro (TOR)
Power Play
Toronto Maple Leafs - 0 on 3 Attempt(s) - 0.00%
Vancouver Canucks - 1 on 5 Attempt(s) - 20.00%
Penalty Kill
Toronto Maple Leafs - 4 on 5 Attempt(s) - 80.00%
- Score 0 goal in Penalty Kill
Vancouver Canucks - 3 on 3 Attempt(s) - 100.00%
- Score 0 goal in Penalty Kill
Team Stat
Toronto Maple Leafs - Hits : 17 - Faceoff Wins : 34 - Blocked Shots : 15 - Penalty Minutes : 10
Vancouver Canucks - Hits : 25 - Faceoff Wins : 29 - Blocked Shots : 17 - Penalty Minutes : 6
Official
Referees : Garrett Rank and Chris Schlenker
Linesman : Steve Barton and Kilian McNamara
Game Notes
No Game Note
Finance
Level 1 -- Attendance: 4781 (79.68%) -- Ticket Income $473,319
Level 2 -- Attendance: 3908 (78.16%) -- Ticket Income $230,572
Level 3 -- Attendance: 2537 (84.57%) -- Ticket Income $86,258
Level 4 -- Attendance: 3611 (72.22%) -- Ticket Income $86,664
Luxury Box -- Attendance: 787 (78.70%) -- Ticket Income $156,613
Game was played at the Rogers Arena.
Total Attendance: 15624 (78.12%)
Total Ticket Income: $1,033,426
Other Income: $361,699
Total Income: $1,395,125
Toronto Maple Leafs
5 vs 5 Forward
Center Left Wing Right Wing Time % Phy DF OF
1 Tomas Hertl Brady Tkachuk Nicolas Roy 30 1 2 2
2 Wyatt Johnston Quinton Byfield Troy Terry 30 1 2 2
3 Nick Bjugstad Nino Niederreiter Andrew Mangiapane 25 1 2 2
4 Scott Laughton Sam Bennett Brandon Saad 15 1 2 2
5 vs 5 Defense
Defense Defense Time % Phy DF OF
1 Aaron Ekblad Ryan Pulock 33 1 2 2
2 Mario Ferraro Cody Ceci 32 1 2 2
3 Sean Walker Dougie Hamilton 31 1 2 2
4 Mario Ferraro Cody Ceci 4 1 2 2
PowerPlay Forward
Center Left Wing Right Wing Time % Phy DF OF
1 Tomas Hertl Brady Tkachuk Troy Terry 50 1 2 2
2 Wyatt Johnston Quinton Byfield Brandon Saad 50 1 2 2
PowerPlay Defense
Defense Defense Time % Phy DF OF
1 Dougie Hamilton Aaron Ekblad 50 1 2 2
2 Ryan Pulock Sean Walker 50 1 2 2
Penalty Kill 4 Players Forward
Center Wing Time % Phy DF OF
1 Nick Bjugstad Nicolas Roy 50 1 2 2
2 Scott Laughton Andrew Mangiapane 50 1 2 2
Penalty Kill 4 Players Defense
Defense Defense Time % Phy DF OF
1 Aaron Ekblad Mario Ferraro 50 1 2 2
2 Cody Ceci Ryan Pulock 50 1 2 2
Penalty Kill - 3 Players Forward
Forward Time % Phy DF OF
1 Nick Bjugstad 50 1 2 2
2 Scott Laughton 50 1 2 2
Penalty Kill - 3 Players Defense
Defense Defense Time % Phy DF OF
1 Mario Ferraro Aaron Ekblad 50 1 2 2
2 Cody Ceci Ryan Pulock 50 1 2 2
4 vs 4 Forward
Center Wing Time % Phy DF OF
1 Scott Laughton Troy Terry 50 1 2 2
2 Wyatt Johnston Brady Tkachuk 50 1 2 2
4 vs 4 Defense
Defense Defense Time % Phy DF OF
1 Cody Ceci Mario Ferraro 50 1 2 2
2 Aaron Ekblad Ryan Pulock 50 1 2 2
Last Minutes Offensive
Center Left Wing Right Wing Defense Defense
Tomas Hertl Brady Tkachuk Nick Bjugstad Aaron Ekblad Dougie Hamilton
Last Minutes Defensive
Center Left Wing Right Wing Defense Defense
Tomas Hertl Scott Laughton Nick Bjugstad Aaron Ekblad Ryan Pulock
Goaltenders
Starting : Cam Talbot
Backup : Frederik Andersen
Extra Forwards
Normal : Scott Laughton, Brandon Saad, Andrew Mangiapane - PP : Andrew Mangiapane, Sam Bennett - PK : Andrew Mangiapane
Extra Defensemen
Normal : Sean Walker, Dougie Hamilton, Mario Ferraro - PP : Cody Ceci - PK : Sean Walker, Dougie Hamilton
Penalty Shots
Dougie Hamilton, Nick Bjugstad, Quinton Byfield, Troy Terry, Nicolas Roy
Scratches
Bowen Byram (Healthy), Kyle Okposo (Healthy), Warren Foegele (Healthy), Luke Schenn (Healthy), Pierre Engvall (Healthy)
Vancouver Canucks
5 vs 5 Forward
Center Left Wing Right Wing Time % Phy DF OF
1 Connor Zary Casey Mittelstadt Artturi Lehkonen 30 1 2 2
2 Mikko Rantanen Robby Fabbri Taylor Raddysh 30 1 2 2
3 Jesperi Kotkaniemi Matias Maccelli Clayton Keller 25 1 2 2
4 Nathan Smith Jesse Ylonen Kasperi Kapanen 15 1 2 2
5 vs 5 Defense
Defense Defense Time % Phy DF OF
1 Noah Hanifin Miro Heiskanen 30 1 2 2
2 Emil Martinsen Lilleberg Justin Schultz 30 1 2 2
3 Adam Boqvist Jacob Bernard-Docker 25 1 2 2
4 Noah Hanifin Miro Heiskanen 15 1 2 2
PowerPlay Forward
Center Left Wing Right Wing Time % Phy DF OF
1 Connor Zary Clayton Keller Mikko Rantanen 50 1 2 2
2 Casey Mittelstadt Artturi Lehkonen Taylor Raddysh 50 1 2 2
PowerPlay Defense
Defense Defense Time % Phy DF OF
1 Noah Hanifin Miro Heiskanen 50 1 2 2
2 Justin Schultz Adam Boqvist 50 1 2 2
Penalty Kill 4 Players Forward
Center Wing Time % Phy DF OF
1 Clayton Keller Artturi Lehkonen 50 1 2 2
2 Mikko Rantanen Taylor Raddysh 50 1 2 2
Penalty Kill 4 Players Defense
Defense Defense Time % Phy DF OF
1 Noah Hanifin Jacob Bernard-Docker 50 1 2 2
2 Emil Martinsen Lilleberg Miro Heiskanen 50 1 2 2
Penalty Kill - 3 Players Forward
Forward Time % Phy DF OF
1 Mikko Rantanen 50 1 2 2
2 Artturi Lehkonen 50 1 2 2
Penalty Kill - 3 Players Defense
Defense Defense Time % Phy DF OF
1 Noah Hanifin Miro Heiskanen 50 1 2 2
2 Jacob Bernard-Docker Adam Boqvist 50 1 2 2
4 vs 4 Forward
Center Wing Time % Phy DF OF
1 Casey Mittelstadt Mikko Rantanen 50 1 2 2
2 Clayton Keller Artturi Lehkonen 50 1 2 2
4 vs 4 Defense
Defense Defense Time % Phy DF OF
1 Noah Hanifin Miro Heiskanen 50 1 2 2
2 Emil Martinsen Lilleberg Adam Boqvist 50 1 2 2
Last Minutes Offensive
Center Left Wing Right Wing Defense Defense
Connor Zary Clayton Keller Mikko Rantanen Noah Hanifin Miro Heiskanen
Last Minutes Defensive
Center Left Wing Right Wing Defense Defense
Connor Zary Clayton Keller Mikko Rantanen Noah Hanifin Miro Heiskanen
Goaltenders
Starting : Justus Annunen
Backup : Joonas Korpisalo
Extra Forwards
Normal : Casey Mittelstadt, Artturi Lehkonen, Mikko Rantanen - PP : Artturi Lehkonen, Mikko Rantanen - PK : Mikko Rantanen
Extra Defensemen
Normal : Miro Heiskanen, Noah Hanifin, Adam Boqvist - PP : Noah Hanifin - PK : Miro Heiskanen, Noah Hanifin
Penalty Shots
Taylor Raddysh, Mikko Rantanen, Clayton Keller, Artturi Lehkonen, Casey Mittelstadt
Scratches
Anton Lundell (Sprained Left Ankle Injury), Ty Dellandrea (Healthy), Jake Bean (Healthy), Aleksander Barkov (Suspend), Jacob Bryson (Healthy)
Ville Husso (Healthy)
% Time on Ice - Toronto Maple Leafs
Lines # - Real PCT - Wanted PCT - Time Play
Normal Forward
1 - 29% - 30% - 13:51
2 - 30% - 30% - 14:30
3 - 25% - 25% - 12:07
4 - 17% - 15% - 8:05
Normal Defense
1 - 34% - 33% - 16:23
2 - 32% - 32% - 15:40
3 - 34% - 31% - 16:17
4 - 0% - 4% - 0:13
PP Forward
1 - 50% - 50% - 1:27
2 - 50% - 50% - 1:28
PP Defense
1 - 55% - 50% - 1:36
2 - 45% - 50% - 1:19
PK Forward
1 - 50% - 50% - 4:06
2 - 50% - 50% - 4:10
PK Defense
1 - 50% - 50% - 4:10
2 - 50% - 50% - 4:06
PK3 Forward
1 - 0% - 50%
2 - 0% - 50%
PK3 Defense
1 - 0% - 50%
2 - 0% - 50%
44 Forward
1 - 0% - 50%
2 - 0% - 50%
44 Defense
1 - 0% - 50%
2 - 0% - 50%
Last Minute Offensive - 0:00
Last Minute Defensive - 0:16
Total
Forward - 60:00
Defense - 60:00
|
% Time on Ice - Vancouver Canucks
Lines # - Real PCT - Wanted PCT - Time Play
Normal Forward
1 - 28% - 30% - 13:25
2 - 28% - 30% - 13:50
3 - 23% - 25% - 11:11
4 - 21% - 15% - 10:11
Normal Defense
1 - 29% - 30% - 14:15
2 - 33% - 30% - 15:58
3 - 27% - 25% - 13:00
4 - 11% - 15% - 5:24
PP Forward
1 - 49% - 50% - 4:01
2 - 51% - 50% - 4:15
PP Defense
1 - 48% - 50% - 3:56
2 - 52% - 50% - 4:20
PK Forward
1 - 52% - 50% - 1:31
2 - 48% - 50% - 1:24
PK Defense
1 - 70% - 50% - 2:02
2 - 30% - 50% - 0:53
PK3 Forward
1 - 0% - 50%
2 - 0% - 50%
PK3 Defense
1 - 0% - 50%
2 - 0% - 50%
44 Forward
1 - 0% - 50%
2 - 0% - 50%
44 Defense
1 - 0% - 50%
2 - 0% - 50%
Last Minute Offensive - 0:12
Last Minute Defensive - 0:00
Total
Forward - 60:00
Defense - 60:00
|
Play-by-Play
1st period
0:01 of 1st period - Connor Zary wins face-off versus Tomas Hertl in neutral zone.
1:05 of 1st period - Icing by Sam Bennett.
1:06 of 1st period - Scott Laughton wins face-off versus Nathan Smith in Toronto Maple Leafs zone.
1:14 of 1st period - Off-side.
1:15 of 1st period - Nick Bjugstad wins face-off versus Taylor Raddysh in neutral zone.
1:27 of 1st period - Slapshot by Robby Fabbri.
1:27 of 1st period - Deflect By Mikko Rantanen.
1:27 of 1st period - Shot Misses the Net.
1:27 of 1st period - Puck is out of play.
1:28 of 1st period - Wyatt Johnston wins face-off versus Connor Zary in Toronto Maple Leafs zone.
2:16 of 1st period - Slapshot by Noah Hanifin.
2:16 of 1st period - Shot Misses the Net.
2:22 of 1st period - Slapshot by Nino Niederreiter.
2:22 of 1st period - Shot Misses the Net.
2:24 of 1st period - Snap shot by Nick Bjugstad.
2:24 of 1st period - Shot Blocked by Kasperi Kapanen.
2:44 of 1st period - Off-side.
2:45 of 1st period - Tomas Hertl wins face-off versus Robby Fabbri in neutral zone.
2:54 of 1st period - Snap shot by Tomas Hertl.
2:54 of 1st period - Stopped by Justus Annunen without a rebound.
2:55 of 1st period - Mikko Rantanen wins face-off versus Tomas Hertl in Vancouver Canucks zone.
3:05 of 1st period - Off-side.
3:06 of 1st period - Scott Laughton wins face-off versus Connor Zary in neutral zone.
3:08 of 1st period - Minor Penalty to Sean Walker for Hooking.
3:09 of 1st period - Nick Bjugstad wins face-off versus Connor Zary in Toronto Maple Leafs zone.
3:35 of 1st period - Noah Hanifin is hit by Aaron Ekblad and loses puck.
5:08 of 1st period - Penalty to Sean Walker is over, Sean Walker is back on ice.
5:21 of 1st period - Mario Ferraro is hit by Jesse Ylonen and loses puck.
5:34 of 1st period - Slapshot by Brady Tkachuk.
5:34 of 1st period - Stopped by Justus Annunen with a rebound.
5:36 of 1st period - Slapshot by Brady Tkachuk.
5:36 of 1st period - Goal by Brady Tkachuk - Toronto Maple Leafs : 1 - Vancouver Canucks : 0.
5:37 of 1st period - Nick Bjugstad wins face-off versus Connor Zary in neutral zone.
5:50 of 1st period - Wrist shot by Nino Niederreiter.
5:50 of 1st period - Shot Blocked by Jacob Bernard-Docker.
5:52 of 1st period - Wrist shot by Nick Bjugstad.
5:52 of 1st period - Stopped by Justus Annunen with a rebound.
6:02 of 1st period - Tomas Hertl is hit by Robby Fabbri and loses puck.
6:27 of 1st period - Snap shot by Wyatt Johnston.
6:27 of 1st period - Shot Misses the Net.
6:31 of 1st period - Wrist shot by Quinton Byfield.
6:31 of 1st period - Shot Blocked by Clayton Keller.
6:33 of 1st period - Snap shot by Mario Ferraro.
6:33 of 1st period - Stopped by Justus Annunen with a rebound.
6:43 of 1st period - Miro Heiskanen is hit by Scott Laughton and loses puck.
7:06 of 1st period - Wrist shot by Artturi Lehkonen.
7:06 of 1st period - Stopped by Cam Talbot without a rebound.
7:07 of 1st period - Tomas Hertl wins face-off versus Connor Zary in Toronto Maple Leafs zone.
7:32 of 1st period - Nicolas Roy is hit by Emil Martinsen Lilleberg and loses puck.
7:41 of 1st period - Snap shot by Brady Tkachuk.
7:41 of 1st period - Deflect By Clayton Keller.
7:41 of 1st period - Shot Misses the Net.
7:41 of 1st period - Puck is out of play.
7:42 of 1st period - Mikko Rantanen wins face-off versus Wyatt Johnston in Vancouver Canucks zone.
7:47 of 1st period - Snap shot by Wyatt Johnston.
7:47 of 1st period - Stopped by Justus Annunen with a rebound.
7:57 of 1st period - Snap shot by Wyatt Johnston.
7:57 of 1st period - Deflect By Quinton Byfield.
7:57 of 1st period - Shot Misses the Net.
7:57 of 1st period - Puck is out of play.
7:58 of 1st period - Nick Bjugstad wins face-off versus Connor Zary in Vancouver Canucks zone.
8:25 of 1st period - Emil Martinsen Lilleberg is hit by Ryan Pulock and loses puck.
9:28 of 1st period - Icing by Tomas Hertl.
9:29 of 1st period - Connor Zary wins face-off versus Nick Bjugstad in Toronto Maple Leafs zone.
9:43 of 1st period - Wrist shot by Casey Mittelstadt.
9:43 of 1st period - Stopped by Cam Talbot without a rebound.
9:44 of 1st period - Mikko Rantanen wins face-off versus Wyatt Johnston in Toronto Maple Leafs zone.
9:45 of 1st period - Snap shot by Robby Fabbri.
9:45 of 1st period - Shot Blocked by Troy Terry.
9:47 of 1st period - Minor Penalty to Aaron Ekblad for Hooking.
9:48 of 1st period - Casey Mittelstadt wins face-off versus Nick Bjugstad in Toronto Maple Leafs zone.
11:26 of 1st period - Icing by Justin Schultz.
11:27 of 1st period - Connor Zary wins face-off versus Nick Bjugstad in Vancouver Canucks zone.
11:47 of 1st period - Penalty to Aaron Ekblad is over, Aaron Ekblad is back on ice.
11:54 of 1st period - Snap shot by Wyatt Johnston.
11:54 of 1st period - Stopped by Justus Annunen with a rebound.
12:14 of 1st period - Matias Maccelli is hit by Scott Laughton.
12:51 of 1st period - Wrist shot by Nino Niederreiter.
12:51 of 1st period - Stopped by Justus Annunen with a rebound.
13:57 of 1st period - Snap shot by Connor Zary.
13:57 of 1st period - Shot Misses the Net.
14:01 of 1st period - Snap shot by Artturi Lehkonen.
14:01 of 1st period - Stopped by Cam Talbot without a rebound.
14:02 of 1st period - Connor Zary wins face-off versus Scott Laughton in Toronto Maple Leafs zone.
14:07 of 1st period - Slapshot by Casey Mittelstadt.
14:07 of 1st period - Stopped by Cam Talbot without a rebound.
14:08 of 1st period - Quinton Byfield wins face-off versus Mikko Rantanen in Toronto Maple Leafs zone.
15:22 of 1st period - Wrist shot by Robby Fabbri.
15:22 of 1st period - Stopped by Cam Talbot without a rebound.
15:23 of 1st period - Wyatt Johnston wins face-off versus Connor Zary in Toronto Maple Leafs zone.
15:25 of 1st period - Icing by Troy Terry.
15:26 of 1st period - Wyatt Johnston wins face-off versus Connor Zary in Toronto Maple Leafs zone.
15:59 of 1st period - Wrist shot by Nino Niederreiter.
15:59 of 1st period - Shot Blocked by Justin Schultz.
16:46 of 1st period - Wrist shot by Matias Maccelli.
16:46 of 1st period - Stopped by Cam Talbot with a rebound.
17:49 of 1st period - Cody Ceci is hit by Kasperi Kapanen and loses puck.
18:04 of 1st period - Snap shot by Artturi Lehkonen.
18:04 of 1st period - Deflect By Connor Zary.
18:04 of 1st period - Stopped by Cam Talbot with a rebound.
18:34 of 1st period - Slapshot by Kasperi Kapanen.
18:34 of 1st period - Stopped by Cam Talbot without a rebound.
18:35 of 1st period - Nathan Smith wins face-off versus Tomas Hertl in Toronto Maple Leafs zone.
18:46 of 1st period - Wrist shot by Tomas Hertl.
18:46 of 1st period - Stopped by Justus Annunen with a rebound.
18:48 of 1st period - Snap shot by Tomas Hertl.
18:48 of 1st period - Shot Misses the Net.
18:50 of 1st period - Snap shot by Brady Tkachuk.
18:50 of 1st period - Shot Misses the Net.
18:52 of 1st period - Wrist shot by Brady Tkachuk.
18:52 of 1st period - Stopped by Justus Annunen without a rebound.
18:53 of 1st period - Wyatt Johnston wins face-off versus Mikko Rantanen in Vancouver Canucks zone.
18:58 of 1st period - Slapshot by Quinton Byfield.
18:58 of 1st period - Shot Misses the Net.
19:31 of 1st period - Off-side.
19:32 of 1st period - Jesperi Kotkaniemi wins face-off versus Tomas Hertl in neutral zone.
19:42 of 1st period - Snap shot by Brady Tkachuk.
19:42 of 1st period - Deflect By Tomas Hertl.
19:42 of 1st period - Stopped by Justus Annunen without a rebound.
19:43 of 1st period - Wyatt Johnston wins face-off versus Connor Zary in Vancouver Canucks zone.
Goals for this period are 1 for Toronto Maple Leafs vs 0 for Vancouver Canucks.
Shots for this period are 11 for Toronto Maple Leafs vs 8 for Vancouver Canucks.
2nd period
0:01 of 2nd period - Jesperi Kotkaniemi wins face-off versus Nicolas Roy in neutral zone.
0:16 of 2nd period - Wrist shot by Matias Maccelli.
0:16 of 2nd period - Shot Blocked by Dougie Hamilton.
1:02 of 2nd period - Minor Penalty to Jacob Bernard-Docker for Tripping.
1:03 of 2nd period - Tomas Hertl wins face-off versus Clayton Keller in Vancouver Canucks zone.
1:13 of 2nd period - Wrist shot by Troy Terry.
1:13 of 2nd period - Shot Misses the Net.
1:15 of 2nd period - Slapshot by Sean Walker.
1:15 of 2nd period - Deflect By Clayton Keller.
1:15 of 2nd period - Stopped by Justus Annunen with a rebound.
1:17 of 2nd period - Backhand shot by Troy Terry.
1:17 of 2nd period - Shot Misses the Net.
1:19 of 2nd period - Snap shot by Troy Terry.
1:19 of 2nd period - Shot Misses the Net.
1:29 of 2nd period - Quinton Byfield is hit by Taylor Raddysh and loses puck.
1:36 of 2nd period - Slapshot by Miro Heiskanen.
1:36 of 2nd period - Shot Misses the Net.
3:02 of 2nd period - Penalty to Jacob Bernard-Docker is over, Jacob Bernard-Docker is back on ice.
3:50 of 2nd period - Minor Penalty to Brady Tkachuk for Hooking.
3:51 of 2nd period - Scott Laughton wins face-off versus Artturi Lehkonen in Toronto Maple Leafs zone.
4:00 of 2nd period - Snap shot by Miro Heiskanen.
4:00 of 2nd period - Shot Misses the Net.
4:02 of 2nd period - Wrist shot by Casey Mittelstadt.
4:02 of 2nd period - Stopped by Cam Talbot with a rebound.
4:04 of 2nd period - Snap shot by Artturi Lehkonen.
4:04 of 2nd period - Shot Blocked by Nicolas Roy.
5:50 of 2nd period - Penalty to Brady Tkachuk is over, Brady Tkachuk is back on ice.
6:36 of 2nd period - Dougie Hamilton is hit by Mikko Rantanen and loses puck.
7:01 of 2nd period - Nick Bjugstad is hit by Casey Mittelstadt and loses puck.
7:20 of 2nd period - Tomas Hertl is hit by Emil Martinsen Lilleberg.
8:28 of 2nd period - Jesperi Kotkaniemi is hit by Quinton Byfield and loses puck.
8:48 of 2nd period - Sam Bennett is hit by Justin Schultz and loses puck.
9:04 of 2nd period - Wrist shot by Nick Bjugstad.
9:04 of 2nd period - Shot Blocked by Justin Schultz.
9:21 of 2nd period - Mario Ferraro is hit by Noah Hanifin and loses puck.
9:59 of 2nd period - Wrist shot by Andrew Mangiapane.
9:59 of 2nd period - Shot Blocked by Jesperi Kotkaniemi.
10:12 of 2nd period - Jacob Bernard-Docker is hit by Dougie Hamilton and loses puck.
10:21 of 2nd period - Matias Maccelli is hit by Andrew Mangiapane and loses puck.
10:30 of 2nd period - Nick Bjugstad is hit by Jesperi Kotkaniemi and loses puck.
10:51 of 2nd period - Snap shot by Andrew Mangiapane.
10:51 of 2nd period - Stopped by Justus Annunen without a rebound.
10:52 of 2nd period - Robby Fabbri wins face-off versus Tomas Hertl in Vancouver Canucks zone.
10:59 of 2nd period - Wrist shot by Mikko Rantanen.
10:59 of 2nd period - Stopped by Cam Talbot without a rebound.
11:00 of 2nd period - Mikko Rantanen wins face-off versus Tomas Hertl in Toronto Maple Leafs zone.
11:07 of 2nd period - Snap shot by Taylor Raddysh.
11:07 of 2nd period - Shot Blocked by Nicolas Roy.
11:09 of 2nd period - Slapshot by Mikko Rantanen.
11:09 of 2nd period - Stopped by Cam Talbot with a rebound.
11:11 of 2nd period - Slapshot by Jacob Bernard-Docker.
11:11 of 2nd period - Shot Blocked by Ryan Pulock.
11:13 of 2nd period - Slapshot by Robby Fabbri.
11:13 of 2nd period - Deflect By Mikko Rantanen.
11:13 of 2nd period - Shot Blocked by Ryan Pulock.
11:13 of 2nd period - Puck is out of play.
11:14 of 2nd period - Connor Zary wins face-off versus Wyatt Johnston in Toronto Maple Leafs zone.
11:17 of 2nd period - Snap shot by Casey Mittelstadt.
11:17 of 2nd period - Shot Misses the Net.
11:19 of 2nd period - Slapshot by Casey Mittelstadt.
11:19 of 2nd period - Shot Blocked by Quinton Byfield.
11:21 of 2nd period - Wrist shot by Connor Zary.
11:21 of 2nd period - Shot Misses the Net.
11:23 of 2nd period - Snap shot by Noah Hanifin.
11:23 of 2nd period - Shot Blocked by Aaron Ekblad.
11:25 of 2nd period - Wrist shot by Connor Zary.
11:25 of 2nd period - Shot Misses the Net.
11:27 of 2nd period - Wrist shot by Miro Heiskanen.
11:27 of 2nd period - Shot Blocked by Wyatt Johnston.
11:29 of 2nd period - Wrist shot by Connor Zary.
11:29 of 2nd period - Shot Blocked by Troy Terry.
11:39 of 2nd period - Aaron Ekblad is hit by Noah Hanifin and loses puck.
11:52 of 2nd period - Snap shot by Kasperi Kapanen.
11:52 of 2nd period - Stopped by Cam Talbot without a rebound.
11:53 of 2nd period - Mikko Rantanen wins face-off versus Tomas Hertl in Toronto Maple Leafs zone.
11:54 of 2nd period - Snap shot by Robby Fabbri.
11:54 of 2nd period - Shot Misses the Net.
11:56 of 2nd period - Snap shot by Taylor Raddysh.
11:56 of 2nd period - Stopped by Cam Talbot without a rebound.
11:57 of 2nd period - Mikko Rantanen wins face-off versus Tomas Hertl in Toronto Maple Leafs zone.
12:04 of 2nd period - Slapshot by Miro Heiskanen.
12:04 of 2nd period - Stopped by Cam Talbot with a rebound.
12:06 of 2nd period - Wrist shot by Robby Fabbri.
12:06 of 2nd period - Stopped by Cam Talbot with a rebound.
12:08 of 2nd period - Wrist shot by Mikko Rantanen.
12:08 of 2nd period - Deflect By Robby Fabbri.
12:08 of 2nd period - Shot Misses the Net.
12:08 of 2nd period - Puck is out of play.
12:09 of 2nd period - Tomas Hertl wins face-off versus Connor Zary in Toronto Maple Leafs zone.
12:43 of 2nd period - Snap shot by Wyatt Johnston.
12:43 of 2nd period - Deflect By Troy Terry.
12:43 of 2nd period - Shot Blocked by Miro Heiskanen.
12:43 of 2nd period - Puck is out of play.
12:44 of 2nd period - Wyatt Johnston wins face-off versus Taylor Raddysh in Vancouver Canucks zone.
12:45 of 2nd period - Snap shot by Troy Terry.
12:45 of 2nd period - Shot Misses the Net.
12:50 of 2nd period - Off-side.
12:51 of 2nd period - Wyatt Johnston wins face-off versus Mikko Rantanen in neutral zone.
13:06 of 2nd period - Slapshot by Mario Ferraro.
13:06 of 2nd period - Shot Misses the Net.
13:17 of 2nd period - Icing by Justin Schultz.
13:18 of 2nd period - Connor Zary wins face-off versus Tomas Hertl in Vancouver Canucks zone.
13:24 of 2nd period - Slapshot by Justin Schultz.
13:24 of 2nd period - Goal by Justin Schultz - Toronto Maple Leafs : 1 - Vancouver Canucks : 1.
13:25 of 2nd period - Tomas Hertl wins face-off versus Connor Zary in neutral zone.
13:28 of 2nd period - Artturi Lehkonen is hit by Tomas Hertl and loses puck.
13:41 of 2nd period - Noah Hanifin is hit by Ryan Pulock and loses puck.
14:06 of 2nd period - Wrist shot by Wyatt Johnston.
14:06 of 2nd period - Shot Hit the Post.
14:30 of 2nd period - Sam Bennett is hit by Jesperi Kotkaniemi and loses puck.
14:41 of 2nd period - Snap shot by Jesse Ylonen.
14:41 of 2nd period - Stopped by Cam Talbot without a rebound.
14:42 of 2nd period - Tomas Hertl wins face-off versus Nathan Smith in Toronto Maple Leafs zone.
15:17 of 2nd period - Slapshot by Quinton Byfield.
15:17 of 2nd period - Goal by Quinton Byfield - Toronto Maple Leafs : 2 - Vancouver Canucks : 1.
15:18 of 2nd period - Quinton Byfield wins face-off versus Mikko Rantanen in neutral zone.
15:23 of 2nd period - Noah Hanifin is hit by Dougie Hamilton and loses puck.
15:30 of 2nd period - Snap shot by Troy Terry.
15:30 of 2nd period - Stopped by Justus Annunen with a rebound.
15:32 of 2nd period - Snap shot by Quinton Byfield.
15:32 of 2nd period - Shot Blocked by Miro Heiskanen.
15:34 of 2nd period - Slapshot by Wyatt Johnston.
15:34 of 2nd period - Shot Misses the Net.
15:44 of 2nd period - Brady Tkachuk is hit by Noah Hanifin and loses puck.
15:53 of 2nd period - Backhand shot by Brady Tkachuk.
15:53 of 2nd period - Shot Blocked by Emil Martinsen Lilleberg.
15:55 of 2nd period - Slapshot by Tomas Hertl.
15:55 of 2nd period - Stopped by Justus Annunen with a rebound.
16:10 of 2nd period - Aaron Ekblad is hit by Artturi Lehkonen and loses puck.
16:25 of 2nd period - Snap shot by Casey Mittelstadt.
16:25 of 2nd period - Stopped by Cam Talbot without a rebound.
16:26 of 2nd period - Mikko Rantanen wins face-off versus Troy Terry in Toronto Maple Leafs zone.
16:57 of 2nd period - Icing by Noah Hanifin.
16:58 of 2nd period - Nathan Smith wins face-off versus Tomas Hertl in Vancouver Canucks zone.
17:07 of 2nd period - Wrist shot by Kasperi Kapanen.
17:07 of 2nd period - Stopped by Cam Talbot with a rebound.
17:09 of 2nd period - Snap shot by Kasperi Kapanen.
17:09 of 2nd period - Shot Blocked by Ryan Pulock.
17:15 of 2nd period - Snap shot by Miro Heiskanen.
17:15 of 2nd period - Stopped by Cam Talbot without a rebound.
17:16 of 2nd period - Wyatt Johnston wins face-off versus Robby Fabbri in Toronto Maple Leafs zone.
17:41 of 2nd period - Mario Ferraro is hit by Justin Schultz and loses puck.
17:52 of 2nd period - Snap shot by Artturi Lehkonen.
17:52 of 2nd period - Shot Misses the Net.
17:54 of 2nd period - Slapshot by Noah Hanifin.
17:54 of 2nd period - Stopped by Cam Talbot with a rebound.
18:04 of 2nd period - Miro Heiskanen is hit by Andrew Mangiapane and loses puck.
18:13 of 2nd period - Slapshot by Nick Bjugstad.
18:13 of 2nd period - Shot Misses the Net.
18:15 of 2nd period - Slapshot by Mario Ferraro.
18:15 of 2nd period - Shot Blocked by Jesperi Kotkaniemi.
18:17 of 2nd period - Wrist shot by Andrew Mangiapane.
18:17 of 2nd period - Deflect By Nick Bjugstad.
18:17 of 2nd period - Stopped by Justus Annunen with a rebound.
18:27 of 2nd period - Snap shot by Kasperi Kapanen.
18:27 of 2nd period - Stopped by Cam Talbot without a rebound.
18:28 of 2nd period - Scott Laughton wins face-off versus Nathan Smith in Toronto Maple Leafs zone.
19:21 of 2nd period - Slapshot by Tomas Hertl.
19:21 of 2nd period - Stopped by Justus Annunen with a rebound.
19:23 of 2nd period - Slapshot by Sean Walker.
19:23 of 2nd period - Stopped by Justus Annunen with a rebound.
19:47 of 2nd period - Wrist shot by Matias Maccelli.
19:47 of 2nd period - Stopped by Cam Talbot without a rebound.
19:48 of 2nd period - Wyatt Johnston wins face-off versus Robby Fabbri in Toronto Maple Leafs zone.
19:59 of 2nd period - Snap shot by Quinton Byfield.
19:59 of 2nd period - Stopped by Justus Annunen without a rebound.
Goals for this period are 1 for Toronto Maple Leafs vs 1 for Vancouver Canucks.
Shots for this period are 9 for Toronto Maple Leafs vs 15 for Vancouver Canucks.
3rd period
0:01 of 3rd period - Wyatt Johnston wins face-off versus Taylor Raddysh in neutral zone.
0:05 of 3rd period - Off-side.
0:06 of 3rd period - Mikko Rantanen wins face-off versus Wyatt Johnston in neutral zone.
0:17 of 3rd period - Wrist shot by Robby Fabbri.
0:17 of 3rd period - Shot Misses the Net.
0:39 of 3rd period - Snap shot by Brady Tkachuk.
0:39 of 3rd period - Deflect By Miro Heiskanen.
0:39 of 3rd period - Shot Blocked by Artturi Lehkonen.
0:39 of 3rd period - Puck is out of play.
0:40 of 3rd period - Nick Bjugstad wins face-off versus Mikko Rantanen in Vancouver Canucks zone.
0:43 of 3rd period - Snap shot by Nick Bjugstad.
0:43 of 3rd period - Shot Misses the Net.
0:53 of 3rd period - Snap shot by Mikko Rantanen.
0:53 of 3rd period - Shot Misses the Net.
0:55 of 3rd period - Snap shot by Robby Fabbri.
0:55 of 3rd period - Shot Blocked by Andrew Mangiapane.
1:05 of 3rd period - Connor Zary is hit by Cody Ceci and loses puck.
1:25 of 3rd period - Snap shot by Kasperi Kapanen.
1:25 of 3rd period - Stopped by Cam Talbot with a rebound.
1:27 of 3rd period - Wrist shot by Nathan Smith.
1:27 of 3rd period - Shot Misses the Net.
1:29 of 3rd period - Snap shot by Nathan Smith.
1:29 of 3rd period - Deflect By Kasperi Kapanen.
1:29 of 3rd period - Shot Misses the Net.
1:29 of 3rd period - Puck is out of play.
1:30 of 3rd period - Nathan Smith wins face-off versus Wyatt Johnston in Toronto Maple Leafs zone.
1:36 of 3rd period - Dougie Hamilton is hit by Jesse Ylonen and loses puck.
1:55 of 3rd period - Miro Heiskanen is hit by Sean Walker and loses puck.
2:14 of 3rd period - Slapshot by Miro Heiskanen.
2:14 of 3rd period - Stopped by Cam Talbot with a rebound.
2:16 of 3rd period - Snap shot by Nathan Smith.
2:16 of 3rd period - Shot Misses the Net.
2:18 of 3rd period - Slapshot by Kasperi Kapanen.
2:18 of 3rd period - Shot Misses the Net.
2:20 of 3rd period - Snap shot by Jesse Ylonen.
2:20 of 3rd period - Stopped by Cam Talbot with a rebound.
2:22 of 3rd period - Wrist shot by Noah Hanifin.
2:22 of 3rd period - Stopped by Cam Talbot with a rebound.
2:24 of 3rd period - Slapshot by Miro Heiskanen.
2:24 of 3rd period - Shot Blocked by Ryan Pulock.
2:32 of 3rd period - Slapshot by Noah Hanifin.
2:32 of 3rd period - Shot Blocked by Scott Laughton.
2:34 of 3rd period - Snap shot by Noah Hanifin.
2:34 of 3rd period - Stopped by Cam Talbot with a rebound.
2:36 of 3rd period - Wrist shot by Kasperi Kapanen.
2:36 of 3rd period - Shot Misses the Net.
2:38 of 3rd period - Wrist shot by Nathan Smith.
2:38 of 3rd period - Stopped by Cam Talbot with a rebound.
2:45 of 3rd period - Minor Penalty to Aaron Ekblad for High sticking.
2:46 of 3rd period - Nick Bjugstad wins face-off versus Connor Zary in Toronto Maple Leafs zone.
2:46 of 3rd period - Nick Bjugstad is hit by Mikko Rantanen.
3:33 of 3rd period - Ryan Pulock is hit by Mikko Rantanen and loses puck.
4:45 of 3rd period - Penalty to Aaron Ekblad is over, Aaron Ekblad is back on ice.
4:54 of 3rd period - Snap shot by Troy Terry.
4:54 of 3rd period - Shot Blocked by Jesse Ylonen.
4:56 of 3rd period - Snap shot by Sean Walker.
4:56 of 3rd period - Deflect By Miro Heiskanen.
4:56 of 3rd period - Stopped by Justus Annunen without a rebound.
4:57 of 3rd period - Wyatt Johnston wins face-off versus Jesse Ylonen in Vancouver Canucks zone.
5:08 of 3rd period - Snap shot by Troy Terry.
5:08 of 3rd period - Deflect By Adam Boqvist.
5:08 of 3rd period - Stopped by Justus Annunen without a rebound.
5:09 of 3rd period - Nathan Smith wins face-off versus Wyatt Johnston in Vancouver Canucks zone.
5:09 of 3rd period - Nathan Smith is hit by Troy Terry.
5:31 of 3rd period - Minor Penalty to Wyatt Johnston for Hooking.
5:32 of 3rd period - Casey Mittelstadt wins face-off versus Scott Laughton in Toronto Maple Leafs zone.
5:33 of 3rd period - Wrist shot by Artturi Lehkonen.
5:33 of 3rd period - Shot Hit the Post.
5:41 of 3rd period - Wrist shot by Artturi Lehkonen.
5:41 of 3rd period - Deflect By Taylor Raddysh.
5:41 of 3rd period - Shot Misses the Net.
5:41 of 3rd period - Puck is out of play.
5:42 of 3rd period - Casey Mittelstadt wins face-off versus Scott Laughton in Toronto Maple Leafs zone.
5:51 of 3rd period - Snap shot by Casey Mittelstadt.
5:51 of 3rd period - Goal by Casey Mittelstadt - Toronto Maple Leafs : 2 - Vancouver Canucks : 2.
5:52 of 3rd period - Connor Zary wins face-off versus Tomas Hertl in neutral zone.
5:55 of 3rd period - Brady Tkachuk is hit by Miro Heiskanen.
6:56 of 3rd period - Taylor Raddysh is hit by Nino Niederreiter and loses puck.
7:05 of 3rd period - Snap shot by Mikko Rantanen.
7:05 of 3rd period - Stopped by Cam Talbot with a rebound.
7:07 of 3rd period - Slapshot by Justin Schultz.
7:07 of 3rd period - Shot Misses the Net.
7:09 of 3rd period - Snap shot by Robby Fabbri.
7:09 of 3rd period - Stopped by Cam Talbot with a rebound.
7:11 of 3rd period - Wrist shot by Mikko Rantanen.
7:11 of 3rd period - Shot Misses the Net.
7:13 of 3rd period - Slapshot by Justin Schultz.
7:13 of 3rd period - Shot Blocked by Sean Walker.
7:15 of 3rd period - Slapshot by Justin Schultz.
7:15 of 3rd period - Stopped by Cam Talbot with a rebound.
7:17 of 3rd period - Snap shot by Justin Schultz.
7:17 of 3rd period - Shot Misses the Net.
7:19 of 3rd period - Snap shot by Robby Fabbri.
7:19 of 3rd period - Stopped by Cam Talbot with a rebound.
7:55 of 3rd period - Wrist shot by Mikko Rantanen.
7:55 of 3rd period - Stopped by Cam Talbot without a rebound.
7:56 of 3rd period - Tomas Hertl wins face-off versus Connor Zary in Toronto Maple Leafs zone.
8:23 of 3rd period - Aaron Ekblad is hit by Clayton Keller and loses puck.
8:28 of 3rd period - Snap shot by Clayton Keller.
8:28 of 3rd period - Stopped by Cam Talbot without a rebound.
8:29 of 3rd period - Wyatt Johnston wins face-off versus Jesperi Kotkaniemi in Toronto Maple Leafs zone.
9:17 of 3rd period - Wrist shot by Adam Boqvist.
9:17 of 3rd period - Stopped by Cam Talbot with a rebound.
9:35 of 3rd period - Backhand shot by Adam Boqvist.
9:35 of 3rd period - Shot Misses the Net.
9:53 of 3rd period - Backhand shot by Brady Tkachuk.
9:53 of 3rd period - Stopped by Justus Annunen with a rebound.
9:55 of 3rd period - Slapshot by Ryan Pulock.
9:55 of 3rd period - Stopped by Justus Annunen without a rebound.
9:56 of 3rd period - Tomas Hertl wins face-off versus Connor Zary in Vancouver Canucks zone.
9:59 of 3rd period - Slapshot by Brady Tkachuk.
9:59 of 3rd period - Goal by Brady Tkachuk - Toronto Maple Leafs : 3 - Vancouver Canucks : 2.
10:00 of 3rd period - Connor Zary wins face-off versus Tomas Hertl in neutral zone.
10:11 of 3rd period - Snap shot by Brady Tkachuk.
10:11 of 3rd period - Shot Blocked by Noah Hanifin.
10:25 of 3rd period - Cody Ceci is hit by Clayton Keller and loses puck.
10:52 of 3rd period - Wrist shot by Nick Bjugstad.
10:52 of 3rd period - Shot Misses the Net.
10:54 of 3rd period - Wrist shot by Andrew Mangiapane.
10:54 of 3rd period - Shot Misses the Net.
10:56 of 3rd period - Slapshot by Mario Ferraro.
10:56 of 3rd period - Stopped by Justus Annunen with a rebound.
11:10 of 3rd period - Wrist shot by Brady Tkachuk.
11:10 of 3rd period - Stopped by Justus Annunen with a rebound.
11:12 of 3rd period - Slapshot by Brady Tkachuk.
11:12 of 3rd period - Shot Blocked by Emil Martinsen Lilleberg.
11:14 of 3rd period - Snap shot by Nicolas Roy.
11:14 of 3rd period - Stopped by Justus Annunen with a rebound.
11:16 of 3rd period - Snap shot by Nicolas Roy.
11:16 of 3rd period - Stopped by Justus Annunen with a rebound.
11:52 of 3rd period - Snap shot by Mikko Rantanen.
11:52 of 3rd period - Stopped by Cam Talbot with a rebound.
12:25 of 3rd period - Wrist shot by Artturi Lehkonen.
12:25 of 3rd period - Stopped by Cam Talbot with a rebound.
12:35 of 3rd period - Matias Maccelli is hit by Dougie Hamilton and loses puck.
12:54 of 3rd period - Miro Heiskanen is hit by Sean Walker and loses puck.
13:01 of 3rd period - Wrist shot by Brandon Saad.
13:01 of 3rd period - Shot Blocked by Noah Hanifin.
13:03 of 3rd period - Wrist shot by Brandon Saad.
13:03 of 3rd period - Stopped by Justus Annunen with a rebound.
13:07 of 3rd period - Backhand shot by Scott Laughton.
13:07 of 3rd period - Shot Misses the Net.
13:19 of 3rd period - Slapshot by Noah Hanifin.
13:19 of 3rd period - Stopped by Cam Talbot with a rebound.
13:36 of 3rd period - Off-side.
13:37 of 3rd period - Nick Bjugstad wins face-off versus Jesperi Kotkaniemi in neutral zone.
13:40 of 3rd period - Slapshot by Aaron Ekblad.
13:40 of 3rd period - Stopped by Justus Annunen without a rebound.
13:41 of 3rd period - Tomas Hertl wins face-off versus Jesperi Kotkaniemi in Vancouver Canucks zone.
14:54 of 3rd period - Cody Ceci is hit by Taylor Raddysh and loses puck.
15:36 of 3rd period - Wyatt Johnston is hit by Adam Boqvist and loses puck.
16:15 of 3rd period - Slapshot by Sean Walker.
16:15 of 3rd period - Shot Blocked by Jesse Ylonen.
16:35 of 3rd period - Snap shot by Connor Zary.
16:35 of 3rd period - Shot Misses the Net.
16:58 of 3rd period - Icing by Clayton Keller.
16:59 of 3rd period - Clayton Keller wins face-off versus Nick Bjugstad in Vancouver Canucks zone.
17:12 of 3rd period - Snap shot by Andrew Mangiapane.
17:12 of 3rd period - Deflect By Matias Maccelli.
17:12 of 3rd period - Stopped by Justus Annunen with a rebound.
17:14 of 3rd period - Snap shot by Nino Niederreiter.
17:14 of 3rd period - Shot Misses the Net.
17:31 of 3rd period - Quinton Byfield is hit by Matias Maccelli.
18:00 of 3rd period - Snap shot by Brady Tkachuk.
18:00 of 3rd period - Shot Blocked by Connor Zary.
18:23 of 3rd period - Slapshot by Mikko Rantanen.
18:23 of 3rd period - Stopped by Cam Talbot with a rebound.
19:03 of 3rd period - Double Minor Penalty to Mikko Rantanen for High sticking.
19:04 of 3rd period - Clayton Keller wins face-off versus Wyatt Johnston in Vancouver Canucks zone.
19:56 of 3rd period - Off-side.
19:57 of 3rd period - Jeremy Colliton call a timeout for Vancouver Canucks.
19:57 of 3rd period - Casey Mittelstadt wins face-off versus Wyatt Johnston in neutral zone.
Goals for this period are 1 for Toronto Maple Leafs vs 1 for Vancouver Canucks.
Shots for this period are 12 for Toronto Maple Leafs vs 18 for Vancouver Canucks.
Back to the Top